 Dungeon Crawl Stone Soup version 0.26-a0-64-g059e62f (webtiles) character file.

Game seed: 6449151797421341880

31 thirtiethelement the Skirmisher (level 3, -1/30 HPs)
             Began as a Demonspawn Abyssal Knight on June 10, 2020.
             Was a Follower of Lugonu.
             Slain by a white imp (4 damage)
             ... on level 1 of the Abyss.
             The game lasted 00:01:00 (123 turns).

thirtiethelement the Skirmisher (DsAK)               Turns: 123, Time: 00:01:00

Health: -1/30      AC:  3    Str: 13      XL:     3   Next: 7%
Magic:  5/5        EV: 11    Int: 13      God:    Lugonu [*.....]
Gold:   0          SH:  0    Dex:  9 (12) Spells: 2/2 levels left

rFire    . . .     SeeInvis .   a - +1 falchion
rCold    . . .     Gourm    .   (no shield)
rNeg     . . .     Faith    .   b - +0 leather armour
rPois    .         Spirit   .   (no helmet)
rElec    .         Reflect  .   (no cloak)
rCorr    .         Harm     .   (no gloves)
MR       .....                  (no boots)
Stlth    +.........             (no amulet)
HPRegen  0.10/turn              (no ring)
MPRegen  0.09/turn              (no ring)

@: no status effects
A: talons 1, powered by pain 1
a: Depart the Abyss, Renounce Religion


You were on level 1 of the Abyss.
You worshipped Lugonu.
Lugonu was aware of your devotion.
You were not hungry.

You visited 0 branches of the dungeon, and saw 0 of its levels.
You visited the Abyss 1 time.

Inventory:

Hand Weapons
 a - a +1 falchion (weapon)
Armour
 b - a +0 leather armour (worn)
Comestibles
 c - a ration


   Skills:
 + Level 3.7 Fighting
 + Level 2.1 Long Blades
 + Level 2.0 Armour
 + Level 1.0 Dodging
 + Level 2.6 Invocations


You had 2 spell levels left.
You didn't know any spells.
Your spell library was empty.

Dungeon Overview and Level Annotations

Branches:
Dungeon (0/15)

Altars:


Innate Abilities, Weirdness & Mutations

You have sharp toenails.
You sometimes gain a little power by taking damage.


Message History

You feel stronger.
Your demonic ancestry asserts itself...
Your toenails lengthen and sharpen.
The substance of the Abyss twists violently, and a gateway leading out appears!
You are suddenly pulled into a different region of the Abyss!
Found a ring mail.
The white imp shouts!
The white imp gestures at you. The puff of frost hits you!
* * * LOW HITPOINT WARNING * * *
The white imp disappears for a moment.
You closely miss the white imp. The white imp hits you.
* * * LOW HITPOINT WARNING * * *
The white imp freezes you.
* * * LOW HITPOINT WARNING * * *
You hit the white imp.
The white imp is moderately wounded.
The white imp hits you.
* * * LOW HITPOINT WARNING * * *
The white imp freezes you.
You die...

# ...#.###..
..
#..#..#.....
#
##.......#...
#... ## ...
.### #.[...#
#... #.....#
#.
#####.##...#
.# #.#..##.#
.. # #.#@5.#
. ## ##
#....#......#
...#.#.
.#.#.#. ...
##...#..# #
#. #.## ##. #
.# #. ## ##


You could see a white imp.

Vanquished Creatures
  A quasit (Abyss:1)
1 creature vanquished.

Notes
Turn   | Place    | Note
-------+----------+-------------------------------------------
     0 | Abyss:1  | thirtiethelement the Demonspawn Abyssal Knight began the
                  | quest for the Orb.
     0 | Abyss:1  | Reached XP level 1. HP: 18/18 MP: 2/2
    75 | Abyss:1  | Noticed a quasit
    83 | Abyss:1  | Noticed a small abomination
    84 | Abyss:1  | Killed a quasit
    84 | Abyss:1  | Reached skill level 1 in Dodging
    84 | Abyss:1  | Gained mutation: You sometimes gain a little power by
                  | taking damage. [demonic ancestry]
    84 | Abyss:1  | Reached XP level 2. HP: 14/25 MP: 4/4
    84 | Abyss:1  | Gained mutation: You have sharp toenails. [demonic
                  | ancestry]
    84 | Abyss:1  | Reached XP level 3. HP: 16/30 MP: 5/5
   123 | Abyss:1  | Slain by a white imp

Illustrated notes

Levels and vault maps discovered:
Abyss:1

Skill      XL: |  1 |
---------------+----+-----
Long Blades    | 2 |  2.1
Armour         | 2 |  2.0
Dodging        | 1 |  1.0
Fighting       | |  3.7
Invocations    | |  2.6

Action                   || total
-------------------------++-------
Melee: Falchion          ||     7
  Use: Scroll            ||     4
Armor: Leather armour    ||     6
Dodge: Dodged            ||     8
       Rpst.: Falchion   ||     1

Table legend:
 A = Non-vault XP
 B = Vault XP
 C = Vault XP percentage of total XP
 D = Non-vault monster count
 E = Vault monster count
 F = Vault count percentage of total count
                 A         B        C        D         E       F
            +---------+---------+-------+---------+---------+-------
      Total |      45 |       0 |   0.0 |       1 |       0 |   0.0
            +---------+---------+-------+---------+---------+-------
    Abyss:1 |      45 |       0 |   0.0 |       1 |       0 |   0.0
            +---------+---------+-------+---------+---------+-------
